 Dungeon Crawl Stone Soup version 0.28.0-47-ge53b351184 (webtiles) character file.

Game seed: 12845534136870487081

4 Cak3Hol3 the Sneak (level 1, -2/11 HPs)
             Began as a Spriggan Delver on May 4, 2022.
             Frozen to death by an endoplasm (4 damage)
             ... on level 2 of the Dungeon.
             The game lasted 00:04:22 (617 turns).

Cak3Hol3 the Sneak (Spriggan Delver)                 Turns: 617, Time: 00:04:22

Health: -2/11      AC:  2    Str:  8    XL:     1   Next: 58%
Magic:  2/2        EV: 17    Int: 11    God:
Gold:   78         SH:  0    Dex: 16    Spells: 0/0 levels left

rFire   . . .      SeeInvis +   a - +0 short sword
rCold   . . .      Faith    .   (no shield)
rNeg    . . .      Spirit   .   b - +0 robe
rPois   .          Reflect  .   (helmet restricted)
rElec   .          Harm     .   (no cloak)
rCorr   .          Rampage  .   (gloves unavailable)
Will    .....                   (boots unavailable)
Stlth   ++++......              (no amulet)
HPRegen 0.03/turn               (no ring)
MPRegen 0.08/turn               (no ring)

@: very quick
A: very small, no large weapons, unfitting armour, see invisible, speed 3
a: no special abilities


You were on level 2 of the Dungeon.
You visited 1 branch of the dungeon, and saw 4 of its levels.

You collected 78 gold pieces.

Inventory:

Hand Weapons
 a - a +0 short sword (weapon)
 p - a +1 vorpal hunting sling
Missiles
 h - 6 poisoned darts (quivered)
 i - 5 javelins
 n - 3 large rocks
Armour
 b - a +0 robe (worn)
 j - the +1 leather armour of Hairiness {Rampage rElec rC+}
   (You found it on level 4 of the Dungeon)

   rC:        It protects you from cold.
   rElec:     It insulates you from electricity.
   Rampage:   It bestows one free step when moving towards enemies.
 m - the +5 ring mail "Aqoux" {Will++ SInv}
   (You found it on level 4 of the Dungeon)

   SInv:      It lets you see invisible.
   Will:      It greatly increases your willpower.
Wands
 g - a wand of digging (3)
Scrolls
 c - a scroll of fog
 d - a scroll of magic mapping
 e - a scroll of fear
 k - 3 scrolls of identify {unknown}
 l - a scroll of enchant weapon {unknown}
 o - a scroll of immolation {unknown}
Potions
 f - a potion of haste


   Skills:
 + Level 2.4 Fighting
 + Level 2.1 Short Blades
 + Level 2.6 Dodging
 * Level 7.6 Stealth


You couldn't memorise any spells.
You didn't know any spells.
Your spell library was empty.

Dungeon Overview and Level Annotations

Branches:
Dungeon (5/15)
 Temple: D:4-7

Altars:


Innate Abilities, Weirdness & Mutations

You are very small and have problems with some larger weapons.
You are too small for most types of armour.
You have supernaturally acute eyesight. (SInv)
You cover ground extremely quickly. (Speed+++)


Message History

You barely miss the rat. The rat closely misses you.
You barely miss the rat. The rat barely misses you.
You hit the rat.
You kill the rat!
You see here a rat corpse.
You start resting.
HP restored.
There is a stone staircase leading down here.
Found a stone staircase leading down.
Found an escape hatch in the floor.
Found a stone staircase leading down.
An endoplasm comes into view.
The endoplasm quivers.
The endoplasm freezes you.
You are frozen.
You hit the endoplasm but do no damage. The endoplasm freezes you.
You are frozen.
You hit the endoplasm but do no damage. The endoplasm freezes you.
You are frozen.
You are too injured to fight recklessly!
You are too injured to fight recklessly!
You are too injured to fight recklessly!
You hit the endoplasm.
The endoplasm is lightly wounded.
The endoplasm hits you but does no damage.
You hit the endoplasm but do no damage.
The endoplasm is lightly wounded.
The endoplasm closely misses you.
You hit the endoplasm but do no damage.
The endoplasm is lightly wounded.
The endoplasm freezes you.
You are frozen.
* * * LOW HITPOINT WARNING * * *
You hit the endoplasm.
The endoplasm is heavily wounded.
The endoplasm freezes you.
You are frozen.
You die...

### #..##
#.#. >..
#.#
####.#####
#........#
#.@#.##..#
#J.#.##.>#
#..#..#..#
#..##.#..#
#..##.#..#
#........#
#####.####
##...####
##
#.......#..


You could see an endoplasm.

Vanquished Creatures
  An endoplasm (D:3)
  A hobgoblin (D:2)
  A bat (D:3)
  A frilled lizard (D:3)
  A rat (D:2)
5 creatures vanquished.

Notes
Turn   | Place    | Note
-------+----------+-------------------------------------------
     0 | D:5      | Cak3Hol3 the Spriggan Delver began the quest for the Orb.
     0 | D:5      | Reached XP level 1. HP: 11/11 MP: 2/2
     3 | D:5      | Noticed a black bear
    16 | D:5      | Noticed a centaur
    60 | D:5      | Noticed a wraith
    74 | D:4      | Identified the +1 leather armour of Hairiness {Rampage
                  | rElec rC+}
   112 | D:4      | Identified the +5 ring mail "Aqoux" {Will++ SInv}
   617 | D:2      | Frozen to death by an endoplasm

Illustrated notes

Levels and vault maps discovered:
D:2:      layout_loops_cross, basic_altar, minmay_goblin_outpost, uniq_terence
D:3:      layout_basic, uniq_robin
D:4:      minmay_wonky_spiral, layout_basic, minmay_close_crescents,
          uniq_menkaure
D:5:      layout_rooms, minmay_temple_entry_large_hall, minmay_misc_feat_pillars

Action                   || total
-------------------------++-------
Melee: Short sword       ||    26
 Stab: Sleeping          ||     1
Armor: Robe              ||     4
Dodge: Dodged            ||    14
